 Dungeon Crawl Stone Soup version 0.27-a0-1149-g4505690ab0 (webtiles) character file.

Game seed: 3442634707021267017

357 kae the Slasher (level 6, 0/49 HPs)
             Began as a Demonspawn Fighter on May 12, 2021.
             Slain by an ogre
             ... wielding a +0 giant spiked club
              (31 damage)
             ... on level 4 of the Dungeon.
             The game lasted 00:02:34 (4586 turns).

kae the Slasher (Demonspawn Fighter)                Turns: 4586, Time: 00:02:34

Health: 0/49       AC:  9    Str: 18    XL:     6   Next: 37%
Magic:  6/6        EV:  7    Int:  9    God:
Gold:   100        SH:  9    Dex: 13    Spells: 4/5 levels left

rFire    . . .     SeeInvis .   a - +0 long sword
rCold    . . .     Faith    .   c - +0 kite shield
rNeg     . . .     Spirit   .   b - +0 scale mail
rPois    .         Reflect  .   (helmet restricted)
rElec    .         Harm     .   (no cloak)
rCorr    .         Rampage  .   h - +0 pair of gloves
Will     .....                  (no boots)
Stlth    ..........             (no amulet)
HPRegen  0.16/turn              (no ring)
MPRegen  0.10/turn              (no ring)

@: no status effects
A: antennae 2, yellow scales 1, demonic magic 1
a: no special abilities


You were on level 4 of the Dungeon.
You visited 1 branch of the dungeon, and saw 4 of its levels.

You collected 100 gold pieces.

Inventory:

Hand Weapons
 a - a +0 long sword (weapon)
Armour
 b - a +0 scale mail (worn)
 c - a +0 kite shield (worn)
 h - a +0 pair of gloves (worn)
Jewellery
 p - a +6 ring of strength
 s - a ring of see invisible
Wands
 l - a wand of paralysis (11)
Scrolls
 e - a scroll of enchant armour {unknown}
 j - 3 scrolls of teleportation
 m - a scroll of fog
 o - a scroll of identify
 q - a scroll of blinking
 r - a scroll of amnesia {unknown}
 t - a scroll of torment {unknown}
Potions
 d - 2 potions of might
 f - a potion of lignification
 g - 4 potions of curing {unknown}
 i - 2 potions of degeneration {unknown}
 k - a potion of heal wounds {unknown}
 n - a potion of flight {unknown}


   Skills:
 + Level 4.6 Fighting
 * Level 4.9 Long Blades
 - Level 2.6 Armour
 - Level 2.6 Shields
 * Level 1.8 Hexes


You had 4 spell levels left.
You knew the following spells:

 Your Spells              Type           Power      Damage    Failure   Level
a - Corona                Hex            3%         N/A       96%         1

Your spell library contained the following spells:

 Spells                   Type           Power      Damage    Failure   Level
 Slow                     Hex            3%         N/A       99%         2
 Inner Flame              Hex/Fire       1%         N/A       100%        3
 Portal Projectile        Hex/Tloc       2%         N/A       100%        3
 Cause Fear               Hex            1%         N/A       100%        4
 Leda's Liquefaction      Hex/Erth       0%         N/A       100%        4


Dungeon Overview and Level Annotations

Branches:
Dungeon (4/15)
 Temple: D:4-7

Altars:


Innate Abilities, Weirdness & Mutations

You have a pair of antennae on your head.
You are partially covered in yellow scales. (AC +2)
Spells you cast may paralyse adjacent enemies.


Message History

An orc comes into view. It is wielding a +0 dagger.
The orc shouts!
Found 17 stones.
An ogre comes into view. It is wielding a +0 giant spiked club.
There are monsters nearby!
The ogre shouts!
You slash the orc!
You kill the orc!
You see here a +0 dagger.
An ogre is nearby!
Found a knobbly iron ring.
You barely miss the ogre. You block the ogre's attack.
An ogre is nearby!
You barely miss the ogre.
The ogre hits you with a +0 giant spiked club.
You barely miss the ogre. The ogre barely misses you.
You riposte.
You hit the ogre.
The ogre is lightly wounded.
You slash the ogre!
The ogre is heavily wounded.
You block the ogre's attack.
You closely miss the ogre.
The ogre is heavily wounded.
The ogre barely misses you.
An ogre is nearby!
You slash the ogre!
The ogre is severely wounded.
The ogre hits you with a +0 giant spiked club!
You are too injured to fight recklessly!
An ogre is nearby!
You are too injured to fight recklessly!
You are too injured to fight recklessly!
An ogre is nearby!
You are too injured to fight recklessly!
You are too injured to fight recklessly!
You hit the ogre.
The ogre is almost dead.
The ogre hits you with a +0 giant spiked club!!
Ouch! That really hurt!
You die...

#.=...## #.....##
##....## ##(...#
##....# ###...# .##
###O...# ..###
####@...# ....###
####)...##
.....#######.....##
#.....#####.....##
#......#......##
#...........##
#.........##
###.....###
###'''###


You could see an ogre.

Vanquished Creatures
  A black bear (D:4)
  A necrophage (D:2)
  A bullfrog skeleton (D:4)
  Ijyb (D:3)
  A howler monkey zombie (D:4)
  3 adders
  3 worms
  3 dart slugs
  7 orcs (D:4)
  5 endoplasms
  A giant cockroach (D:1)
  5 goblins
  4 hobgoblins
  8 jackals
  3 quokkas
  4 ball pythons
  8 bats
  4 frilled lizards
  8 kobolds
  3 rats
74 creatures vanquished.

Notes
Turn   | Place    | Note
-------+----------+-------------------------------------------
     0 | D:1      | kae the Demonspawn Fighter began the quest for the Orb.
     0 | D:1      | Reached XP level 1. HP: 18/18 MP: 1/1
   380 | D:1      | Gained mutation: You are partially covered in yellow
                  | scales. (AC +2) [demonic ancestry]
   380 | D:1      | Reached XP level 2. HP: 16/24 MP: 2/2
  1368 | D:2      | Reached XP level 3. HP: 15/29 MP: 3/3
  2297 | D:2      | Noticed a necrophage
  2310 | D:2      | Killed a necrophage
  2311 | D:2      | Gained mutation: You have a pair of small antennae on your
                  | head. [demonic ancestry]
  2311 | D:2      | Reached XP level 4. HP: 27/37 MP: 4/4
  2311 | D:2      | Gained mutation: Spells you cast may paralyse adjacent
                  | enemies. [demonic ancestry]
  2311 | D:2      | Reached XP level 5. HP: 31/42 MP: 5/5
  2498 | D:3      | Noticed Ijyb
  3139 | D:3      | Paralysed by Ijyb for 6 turns
  3151 | D:3      | Killed Ijyb
  3571 | D:3      | Found a faded altar of an unknown god.
  3805 | D:4      | Learned a level 1 spell: Corona
  3828 | D:4      | Noticed a black bear
  3845 | D:4      | Killed a black bear
  3846 | D:4      | Reached skill level 1 in Hexes
  3846 | D:4      | Gained mutation: You have a pair of antennae on your head.
                  | [demonic ancestry]
  3846 | D:4      | Reached XP level 6. HP: 28/49 MP: 6/6
  4586 | D:4      | Slain by an ogre

Illustrated notes

Levels and vault maps discovered:
D:1:      dpeg_arrival_round_a, layout_basic, minmay_circled_x
D:2:      layout_loops_ring
D:3:      layout_basic, hellmonk_ecumenical_altar_dog_temple, uniq_ijyb
D:4:      layout_loops_ring, kennysheep_donut, hangedman_abyss_or_decor_stabs

Skill      XL: |  1  2  3  4  5 |
---------------+----------------+-----
Long Blades    | 2 4 |  4.9
Fighting       | 4 |  4.6
Hexes          | 1 |  1.8
Armour         | |  2.6
Shields        | |  2.6

Action                   |  1- 3 |  4- 6 || total
-------------------------+-------+-------++-------
Melee: Long sword        |   137 |   144 ||   281
  Use: Scroll            |     1 |     5 ||     6
Armor: Scale mail        |   103 |    85 ||   188
Dodge: Dodged            |    51 |    60 ||   111
Block: Kite shield       |    86 |    87 ||   173
       Rpst.: Long sword |    15 |    16 ||    31

Table legend: (Time is in decaauts)
 A = Elapsed time spent in this place.
 B = Non-inter-level travel time spent in this place.
 C = Inter-level travel time spent in this place.
 D = Time resting spent in this place.
 E = Time spent auto-exploring this place.
 F = Levels seen in this place.
 G = Mean time per level.
                   A        B        C        D        E       F      G
               +--------+--------+--------+--------+--------+-----+--------+
         Total |   4732 |   4566 |    166 |    531 |   3296 |   4 | 1183.0 |
       Dungeon |   4732 |   4566 |    166 |    531 |   3296 |   4 | 1183.0 |
               +--------+--------+--------+--------+--------+-----+--------+

Top non-repeatable levels by time:
     D:2: 1604 daAuts
     D:1: 1226 daAuts
     D:3: 1089 daAuts
     D:4: 811 daAuts
